 Dungeon Crawl Stone Soup version 0.23-b1-49-g13d5857 (webtiles) character file.

Game seed: 15828326694561332477

1732 poirepourri the Cleaver (level 8, 0/64 HPs)
             Began as a Minotaur Fighter on Feb 3, 2019.
             Was a Follower of Okawaru.
             Slain by a hornet (10 damage)
             ... on level 6 of the Dungeon.
             The game lasted 00:05:44 (6109 turns).

poirepourri the Cleaver (Minotaur Fighter)          Turns: 6109, Time: 00:05:44

Health: 0/64       AC:  6    Str: 25    XL:     8   Next: 76%
Magic:  7/7        EV:  8    Int:  7    God:    Okawaru [*.....]
Gold:   237        SH: 13    Dex: 14    Spells: 7/7 levels left

rFire    . . .     SeeInvis .   a - +0 war axe
rCold    . . .     Gourm    .   c - +1 shield
rNeg     . . .     Faith    .   j - +0 ring mail of Yptaamen {Str+4 Slay+2}
rPois    .         Spirit   .   (helmet restricted)
rElec    .         Reflect  +   (no cloak)
rCorr    +         Harm     .   m - +2 pair of gloves
MR       +....                  (no boots)
Stlth    +.........             q - +2 amulet of reflection
HPRegen  0.20/turn              g - ring of resist corrosion
MPRegen  0.10/turn              i - ring of protection from magic

@: lethally poisoned (0 -> -10), slowed, very slow
A: retaliatory headbutt, horns 2, agile 1, clever 1, deformed body
a: Heroism, Renounce Religion


You were on level 6 of the Dungeon.
You worshipped Okawaru.
Okawaru was aware of your devotion.
You were not hungry.

You visited 2 branches of the dungeon, and saw 7 of its levels.

You collected 237 gold pieces.

Inventory:

Hand Weapons
 a - a +0 war axe (weapon)
Missiles
 l - 50 bolts
Armour
 b - a +0 scale mail
 c - a +1 shield (worn)
 j - the +0 ring mail of Yptaamen (worn) {Str+4 Slay+2}
   (You found it on level 6 of the Dungeon)

   It affects your strength (+4).
   It affects your accuracy and damage with ranged weapons and melee attacks
   (+2).
 m - a +2 pair of gloves (worn)
Jewellery
 g - a ring of resist corrosion (left hand)
 h - an uncursed ring of ice {unknown}
 i - a ring of protection from magic (right hand)
 q - a +2 amulet of reflection (around neck)
Wands
 p - a wand of iceblast (8)
 r - a wand of acid (2)
Scrolls
 d - a scroll of teleportation
 e - 4 scrolls of amnesia
 k - 3 scrolls of brand weapon {unknown}
 o - 2 scrolls of remove curse
Potions
 n - 2 potions of curing
Comestibles
 f - 10 rations


   Skills:
 - Level 3.6 Fighting
 + Level 13.1 Axes
 - Level 3.6 Armour
 - Level 3.6 Shields


You had 7 spell levels left.
You didn't know any spells.
Your spell library contained the following spells:

 Spells                   Type           Power        Failure   Level  Hunger
 Beastly Appendage        Tmut           #.....       97%         1    ##.....
 Sticks to Snakes         Tmut           #.......     99%         2    ###....
 Spider Form              Tmut/Pois      #.........   100%        3    ####...
 Ice Form                 Ice/Tmut       #.......     100%        4    #####..
 Blade Hands              Tmut           #.........   100%        5    ######.


Dungeon Overview and Level Annotations

Branches:
Dungeon (6/15)             Temple (1/1) D:4

Altars:
Ashenzari
Cheibriados
Dithmenos
Elyvilon
Gozag
Kikubaaqudgha
Nemelex Xobeh
Okawaru
Qazlal
Ru
Trog
Uskayaw
Vehumet
Wu Jian
Xom
Yredelemnul
The Shining One

Shops:
D:4 *   D:5 =

Annotations:
D:6 1 runed translucent door, Truthflux's ghost, novice DrCj


Innate Abilities, Weirdness & Mutations

You reflexively headbutt those who attack you in melee.
You have a pair of horns on your head.
You are agile. (Dex +2)
Your mind is acute. (Int +2)
Armour fits poorly on your strangely shaped body.


Message History

You feel sick. The hornet barely misses you. The hornet stings you.
You are more poisoned.
You shrug off the repeated paralysis!
You block the hornet's attack.
Unknown command.
Evoke which item? (* to show all) (? for menu, Esc to quit)
Aiming: Corrosive Bolt
Press: ? - help, Shift-Dir - straight line, f/p - hornet
Aim: a hornet (heavily wounded, covered in acid)
The bolt of acid hits the hornet!
The hornet is splashed with acid.
The hornet is almost dead.
You feel sick. The hornet stings you!
* * * LOW HITPOINT WARNING * * *
You feel as though you will be slow longer.
You block the hornet's attack.
Unknown command.
You barely miss the hornet.
The hornet is almost dead.
* * * LOW HITPOINT WARNING * * *
You feel sick. The hornet stings you!
You die...

############..............#######
.................................
########.#...#..#..........##...#
#.#.#.# #.####..........## #....
....)..^##....#...##
#.#.##+##.###.###.#.#.[)[.
#...#...#.....# #.#.<[###)
###.+...+y#...# #.#......(
#..#...#@....###...#(....
##.##'##.#....##.........
#........................
##.#.#.#.###..........##. #
#.##.## #......#...#..
#########.##.# .#...[......#
#.........##.# #.##<.[[...#
#.........##.# #. ##......#
#.........#..# . ##+##.).


You could see a hornet.

Vanquished Creatures
  A sky beast (D:5)
  An ice beast (D:6)
  2 phantoms
  The ghost of Phong the Chopper, an amateur FoAK of Lugonu (D:3)
  2 centaurs
  A bullfrog (D:3)
  3 scorpions
  4 wights (D:6)
  A howler monkey (D:4)
  A crimson imp (D:5)
  2 orc priests
  A bullfrog skeleton (D:5)
  A hound (D:4)
  A centaur skeleton (D:6)
  An orc wizard (D:4)
  2 iguanas
  6 worker ants
  A hound skeleton (D:4)
  Robin (D:3)
  7 gnolls
  8 adders
  A shadow imp (D:5)
  2 adder skeletons (D:6)
  3 worms
  2 dart slugs (D:1)
  4 leopard geckos
  16 orcs
  9 giant cockroaches
  13 goblins
  10 hobgoblins
  7 jackals
  3 quokkas
  2 ball pythons
  7 bats
  7 frilled lizards
  9 kobolds
  10 rats
153 creatures vanquished.

Notes
Turn   | Place    | Note
-------+----------+-------------------------------------------
     0 | D:1      | poirepourri the Minotaur Fighter began the quest for the
                  | Orb.
     0 | D:1      | Reached XP level 1. HP: 19/19 MP: 0/0
    71 | D:1      | Reached skill level 3 in Axes
   105 | D:1      | Reached XP level 2. HP: 26/26 MP: 1/1
   287 | D:1      | Reached skill level 4 in Axes
   456 | D:1      | Reached XP level 3. HP: 31/31 MP: 2/2
  1189 | D:2      | Found a stormy altar of Qazlal.
  1190 | D:2      | Noticed a fire elemental
  1192 | D:2      | Noticed an earth elemental
  1192 | D:2      | Noticed an air elemental
  1192 | D:2      | Noticed a water elemental
  1440 | D:3      | Reached skill level 5 in Axes
  1452 | D:3      | Reached XP level 4. HP: 15/39 MP: 3/3
  2175 | D:3      | Found a sacrificial altar of Ru.
  2182 | D:3      | Reached skill level 6 in Axes
  2182 | D:3      | Noticed Robin
  2206 | D:3      | Killed Robin
  2216 | D:3      | Reached XP level 5. HP: 40/45 MP: 4/4
  2596 | D:3      | Found a runed translucent door.
  2659 | D:3      | Reached skill level 7 in Axes
  2675 | D:3      | Noticed Phong's ghost (amateur FoAK)
  2693 | D:3      | Reached XP level 6. HP: 18/51 MP: 5/5
  2704 | D:3      | Killed Phong's ghost
  2704 | D:3      | Reached skill level 8 in Axes
  3484 | D:4      | Reached skill level 9 in Axes
  3497 | D:4      | Reached XP level 7. HP: 47/57 MP: 6/6
  3642 | D:4      | Found Bamoprox's Assorted Antiques.
  3696 | D:4      | Reached skill level 10 in Axes
  3744 | D:4      | Found a staircase to the Ecumenical Temple.
  3759 | Temple   | Entered the Ecumenical Temple
  3794 | Temple   | Became a worshipper of Warmaster Okawaru
  3962 | D:5      | Entered Level 5 of the Dungeon
  3981 | D:5      | Found an ancient bone altar of Kikubaaqudgha.
  4173 | D:5      | Reached skill level 11 in Axes
  4179 | D:5      | Reached XP level 8. HP: 64/64 MP: 7/7
  4254 | D:5      | Found Koagoik's Jewellery Shoppe.
  4551 | D:6      | Found a runed translucent door.
  4551 | D:6      | Noticed Truthflux's ghost (novice DrCj)
  4585 | D:5      | Reached * piety under Okawaru
  5097 | D:6      | Reached skill level 12 in Axes
  5445 | D:6      | Found a glowing golden altar of the Shining One.
  5487 | D:6      | Noticed a hornet
  5491 | D:6      | Paralysed by a hornet for 3 turns
  5496 | D:6      | Gained mutation: Armour fits poorly on your strangely
                  | shaped body. [potion of mutation]
  5496 | D:6      | Gained mutation: Your mind is acute. (Int +2) [potion of
                  | mutation]
  5496 | D:6      | Gained mutation: You are agile. (Dex +2) [potion of
                  | mutation]
  6014 | D:6      | Got a tiger eye-encrusted ring mail
  6025 | D:6      | Reached skill level 13 in Axes
  6036 | D:6      | Identified the cursed +0 ring mail of Yptaamen {Str+4
                  | Slay+2} (You found it on level 6 of the Dungeon)
  6103 | D:6      | Paralysed by a hornet for 3 turns
  6109 | D:6      | Slain by a hornet

Skill      XL: |  1  2  3  4  5  6  7  8 |
---------------+-------------------------+-----
Axes           | 3 4 5 6 7 9 11 13 | 13.1
Fighting       | |  3.6
Armour         | |  3.6
Shields        | |  3.6

Action                   |  1- 3 |  4- 6 |  7- 9 || total
-------------------------+-------+-------+-------++-------
Melee: War axe           |    99 |   173 |   141 ||   413
       Headbutt          |    11 |    30 |    27 ||    68
Evoke: Wand              |       |       |     2 ||     2
  Use: Scroll            |     3 |     3 |    11 ||    17
       Potion            |     1 |     6 |     6 ||    13
  Eat: Ration            |     1 |     2 |     2 ||     5
Armor: Scale mail        |    56 |    98 |    66 ||   220
       Ring mail         |       |       |     1 ||     1
Dodge: Dodged            |    38 |    58 |    49 ||   145
Block: Shield            |    62 |   122 |   100 ||   284
       Reflection        |       |       |     2 ||     2
